 Dungeon Crawl Stone Soup version 0.28.0-43-g3370ac3207 (webtiles) character file.

Game seed: 1825020511059721235

205 tizbic2 the Chiller (level 5, -1/39 HPs)
             Began as a Demigod Ice Elementalist on Mar 9, 2022.
             Slain by an ogre
             ... wielding a +0 giant spiked club
              (9 damage)
             ... on level 3 of the Dungeon.
             The game lasted 00:11:11 (3306 turns).

tizbic2 the Chiller (Demigod Ice Elementalist)      Turns: 3306, Time: 00:11:11

Health: -1/39      AC: 11    Str: 13    XL:     5   Next: 27%
Magic:  11/11      EV:  6    Int: 17    God:
Gold:   102        SH:  0    Dex: 14    Spells: 5/9 levels left

rFire   . . .      SeeInvis .   b - +1 mace (vamp)
rCold   . . .      Faith    .   (no shield)
rNeg    + . .      Spirit   .   g - +2 chain mail {rN+}
rPois   .          Reflect  .   a - +0 helmet
rElec   .          Harm     .   (no cloak)
rCorr   .          Rampage  .   (no gloves)
Will    .....                   (no boots)
Stlth   ..........              (no amulet)
HPRegen 0.13/turn               (no ring)
MPRegen 0.12/turn               (no ring)

@: no status effects
A: high MP 1, forlorn, divine attributes
a: no special abilities


You were on level 3 of the Dungeon.
You visited 1 branch of the dungeon, and saw 3 of its levels.

You collected 102 gold pieces.

Inventory:

Hand Weapons
 b - a +1 vampiric mace (weapon)
 e - a +0 flail
Missiles
 c - 144 stones (quivered)
Armour
 a - a +0 helmet (worn)
 g - a +2 chain mail of positive energy (worn)
Scrolls
 h - a scroll of immolation {unknown}
Potions
 d - 2 potions of mutation {unknown}
 f - 3 potions of heal wounds {unknown}


   Skills:
 + Level 0.6 Fighting
 * Level 3.0 Maces & Flails
 * Level 1.6 Armour
 - Level 1.7 Dodging
 - Level 1.7 Stealth
 + Level 2.6 Spellcasting
 + Level 4.2 Ice Magic


You had 5 spell levels left.
You knew the following spells:

 Your Spells              Type           Power      Damage    Failure   Level
a - Freeze                Ice            64%        1d8       71%         1
b - Ozocubu's Armour      Ice            16%        N/A       97%         3

Your spell library contained the following spells:

 Spells                   Type           Power      Damage    Failure   Level
 Frozen Ramparts          Ice            32%        1d5       97%         3
 Summon Guardian Golem    Hex/Summ       2%         N/A       100%        3
 Hailstorm                Conj/Ice       9%         3d4       100%        4
 Orb of Destruction       Conj           1%         9d5       100%        7
 Spellforged Servitor     Conj/Summ      1%         N/A       100%        7


Dungeon Overview and Level Annotations

Branches:
Dungeon (3/15)


Innate Abilities, Weirdness & Mutations

You have an increased reservoir of magic. (+10% MP)
You shall have no god before yourself.
Your divine heritage dramatically boosts your attributes as you level up.


Message History

You kill the jackal!
You see here a jackal corpse.
c - 143 stones (gained 1)
c - 144 stones (gained 1)
c - 145 stones (gained 1)
You now have 99 gold pieces (gained 11).
Found 3 gold pieces.
A giant cockroach comes into view.
You see here 3 gold pieces.
You hit the giant cockroach.
The giant cockroach is severely wounded.
The giant cockroach bites you but does no damage.
You hit the giant cockroach.
You kill the giant cockroach!
You now have 102 gold pieces (gained 3).
An ogre comes into view. It is wielding a +0 giant spiked club.
The ogre shouts!
You throw a stone.
The stone hits the ogre but does no damage.
Okay, then.
The ogre barely misses you.
You hit the ogre.
The ogre is lightly wounded.
You hit the ogre but do no damage.
The ogre is lightly wounded.
The ogre hits you with a +0 giant spiked club!
You thump the ogre!
You feel better.
The ogre is heavily wounded.
The ogre hits you with a +0 giant spiked club!
You hit the ogre.
You feel better.
The ogre is heavily wounded.
The ogre hits you with a +0 giant spiked club!
* * * LOW HITPOINT WARNING * * *
You hit the ogre.
You feel better.
The ogre is severely wounded.
The ogre closely misses you.
You hit the ogre but do no damage.
The ogre is severely wounded.
The ogre hits you with a +0 giant spiked club!
You die...

####.# ##.##..... #####....#
........##
#.....##.#######+##.#.#
#####.................#.#.#
... .............††...#.#.##
#.# ##............†.>.......
#(# #......................
#.####........).......######
#.#.......O@..........#
#.#.##................#
#.#.##.........########
#.#.############ #### ##.#.#
#... #....# #.## ###### #.#
#.# #.#


You could see an ogre.

Vanquished Creatures
  Terence (D:2)
  Robin (D:2)
  5 gnolls
  5 adders
  A worm (D:2)
  A dart slug (D:2)
  3 orcs (D:3)
  4 ball pythons
  3 endoplasms
  2 giant cockroaches (D:3)
  14 goblins
  6 hobgoblins
  2 jackals (D:3)
  4 kobolds
  2 quokkas (D:1)
  7 bats
  A frilled lizard (D:2)
  7 rats
69 creatures vanquished.

Vanquished Creatures (others)
  A fungus (D:2)
  13 plants (D:2)
14 creatures vanquished.

Grand Total: 83 creatures vanquished

Notes
Turn   | Place    | Note
-------+----------+-------------------------------------------
     0 | D:1      | tizbic2 the Demigod Ice Elementalist began the quest for
                  | the Orb.
     0 | D:1      | Reached XP level 1. HP: 14/14 MP: 5/5
   770 | D:1      | Reached skill level 1 in Maces & Flails
   788 | D:1      | Reached XP level 2. HP: 11/20 MP: 2/7
  1517 | D:2      | Reached XP level 3. HP: 12/26 MP: 6/8
  1622 | D:2      | Noticed Terence
  1637 | D:2      | Killed Terence
  1638 | D:2      | Reached skill level 4 in Ice Magic
  2080 | D:2      | Reached XP level 4. HP: 33/33 MP: 10/10
  2098 | D:2      | Reached skill level 1 in Armour
  2429 | D:2      | Noticed Robin
  2479 | D:2      | Killed Robin
  2510 | D:2      | Learned a level 3 spell: Ozocubu's Armour
  2758 | D:3      | Reached XP level 5. HP: 38/38 MP: 11/11
  3281 | D:3      | Noticed an ogre
  3306 | D:3      | Slain by an ogre

Illustrated notes

Levels and vault maps discovered:
D:1:      lemuel_arrival_tunnels, layout_basic, hangedman_feature_mirror
D:2:      layout_loops_cross, shapermc_ecumenical_altar_hornbeckon,
          kennysheep_decorative_pillar, serial_bayou_crossing, uniq_terence,
          uniq_robin
D:3:      layout_basic, tso_altar

Skill      XL: |  1  2  3  4  5 |
---------------+----------------+-----
Maces & Flails | 1 2 3 |  3.0
Spellcasting   | 2 |  2.6
Ice Magic      | 4 |  4.2
Armour         | 1 |  1.6
Fighting       | |  0.6
Dodging        | |  1.7
Stealth        | |  1.7

Action                   |  1- 3 |  4- 6 || total
-------------------------+-------+-------++-------
Melee: Mace              |    90 |   130 ||   220
       Punch             |     1 |       ||     1
Throw: Stone             |       |    13 ||    13
 Cast: Freeze            |    10 |       ||    10
  Use: Scroll            |     2 |       ||     2
 Stab: Sleeping          |     4 |       ||     4
Armor: Robe              |     8 |       ||     8
       Leather armour    |    16 |       ||    16
       Chain mail        |    23 |   105 ||   128
Dodge: Dodged            |    55 |    28 ||    83
